 Dungeon Crawl Stone Soup version 0.19.1-1-g22dce08 (webtiles) character file.

2918 zhar the Slicer (level 9, -6/57 HPs)
             Began as a Vampire Necromancer on Jan 18, 2017.
             Was an Initiate of Kikubaaqudgha.
             Mangled by dscm's ghost (7 damage)
             ... on level 4 of the Dungeon.
             The game lasted 01:53:54 (17913 turns).

zhar the Slicer (Vampire Necromancer)              Turns: 17913, Time: 01:53:55

Health: -6/57      AC:  2    Str:  7    XL:     9   Next: 50%
Magic:  6/17       EV: 14    Int: 19    God:    Kikubaaqudgha [......]
Gold:   298        SH:  0    Dex: 16    Spells: 6 memorised, 6 levels left

rFire  . . .     SeeInvis +     m - +0 dagger (elec)
rCold  + . .     Gourm    .     a - +0 robe
rNeg   + + .     Faith    .     (no shield)
rPois  +         Spirit   .     (no helmet)
rElec  .         Reflect  .     (no cloak)
rCorr  .         Harm     .     (no gloves)
MR     .....                    (no boots)
Stlth  +++++.....               (no amulet)
                                (no ring)
                                (no ring)

@: regenerating slowly
A: fangs 3, see invisible, unbreathing
a: Bat Form, Renounce Religion


You were on level 4 of the Dungeon.
You worshipped Kikubaaqudgha.
Kikubaaqudgha was noncommittal.
You were near bloodless.

You visited 2 branches of the dungeon, and saw 8 of its levels.

You collected 298 gold pieces.

Inventory:

Hand Weapons
 e - a +0 short sword
 k - a +0 mace
 m - a +0 dagger of electrocution (weapon)
 t - a +0 rapier
 v - the +6 whip of Huig {elec, rElec MR++ Str+3 Int-5}
   (You found it on level 4 of the Dungeon)

   Occasionally, upon striking a foe, it will discharge some electrical energy
   and cause terrible harm.
   It affects your strength (+3).
   It affects your intelligence (-5).
   It insulates you from electricity.
   It affects your resistance to hostile enchantments.
 F - a +0 shortbow
 I - a +4 mace
 J - a +0 flail of holy wrath
Missiles
 l - 7 curare-tipped needles
 D - 4 tomahawks of dispersal (quivered)
Armour
 a - a +0 robe (worn)
 H - a +0 pair of gloves
Jewellery
 c - an uncursed ring of flight
Wands
 h - a wand of polymorph (10/24)
 y - a wand of disintegration (11/24)
 E - a wand of digging (13/24)
Scrolls
 d - 4 scrolls of teleportation
 i - a scroll of magic mapping {unknown}
 o - a scroll of immolation {unknown}
 r - a scroll of fear {unknown}
 s - a scroll of fog {unknown}
 u - 2 scrolls of blinking {unknown}
 w - 5 scrolls of amnesia {unknown}
 z - 2 scrolls of remove curse {unknown}
 B - a scroll of summoning {unknown}
Potions
 f - a potion of cancellation {unknown}
 g - a potion of might {unknown}
 j - a potion of resistance {unknown}
 n - 6 potions of blood
 p - 3 potions of brilliance
 q - a potion of magic {unknown}
 x - a potion of berserk rage {unknown}
 C - a potion of degeneration {unknown}
 G - a potion of lignification {unknown}
Books
 b - a book of Necromancy

   Spells                             Type                      Level
   a - Pain                           Necromancy                   1
   b - Animate Skeleton               Necromancy                   1
   c - Vampiric Draining              Necromancy                   3
   d - Regeneration                   Charms/Necromancy            3
   e - Animate Dead                   Necromancy                   4
   f - Control Undead                 Necromancy                   4
 A - a book of Misfortune

   Spells                             Type                      Level
   a - Confusing Touch                Hexes                        1
   b - Confuse                        Hexes                        3
   c - Gell's Gravitas                Hexes/Translocation          3
   d - Petrify                        Transmutation/Earth          4
   e - Metabolic Englaciation         Hexes/Ice                    5
   f - Yara's Violent Unravelling     Hexes/Transmutation          5


   Skills:
 - Level 9.0 Short Blades
 - Level 4.0 Dodging
 - Level 7.2 Stealth
 * Level 5.5 Spellcasting
 - Level 7.1 Hexes
 - Level 0.7 Charms
 - Level 6.3 Necromancy


You had 6 spell levels left.
You knew the following spells:

 Your Spells              Type           Power        Failure   Level  Hunger
a - Pain                  Necr           ####         1%          1    None
b - Animate Skeleton      Necr           N/A          1%          1    None
c - Regeneration          Chrm/Necr      ###.......   12%         3    ##.....
d - Control Undead        Necr           ####......   12%         4    ####...
e - Confusing Touch       Hex            ####..       1%          1    None
f - Confuse               Hex            ####....     1%          3    ##.....


Dungeon Overview and Level Annotations

Branches:
Dungeon (7/15)             Temple (1/1) D:5

Altars:
Ashenzari
Cheibriados
Dithmenos
Elyvilon
Fedhas
Hepliaklqana
Kikubaaqudgha
Makhleb
Nemelex Xobeh
Okawaru
Qazlal
Ru
Sif Muna
Trog
Uskayaw
Vehumet
Xom
Yredelemnul
Zin
The Shining One

Annotations:
D:4 Menkaure; dscm's ghost, amateur FeEE


Innate Abilities, Weirdness & Mutations

You heal slowly.
You have razor-sharp teeth.
You have supernaturally acute eyesight. (SInv)
You can survive without breathing.


Message History

You hit dscm's ghost but do no damage.
There is a sudden explosion of sparks!
Dscm's ghost is severely damaged.
You hit dscm's ghost.
Dscm's ghost is severely damaged.
Dscm's ghost stares at you and mumbles some strange words.
The stone arrow hits you!
* * * LOW HITPOINT WARNING * * *
You hit dscm's ghost.
Dscm's ghost is almost destroyed.
You hit dscm's ghost but do no damage.
Dscm's ghost is almost destroyed.
Dscm's ghost hits you!
* * * LOW HITPOINT WARNING * * *
You hit dscm's ghost.
Dscm's ghost is almost destroyed.
You miss dscm's ghost.
Dscm's ghost is almost destroyed.
Dscm's ghost hits you!
You die...
Kikubaaqudgha rasps: "You have failed me!
Welcome... oblivion!"

..............................#
.........................#....##
.....................#..##.....##
................=....#..###.....#
#......................####......
#........................##......
##.........................#...##
###............W............####
###...#..#######@............#
#...####.## ##..............#
..### ##.####...............##
.## #.........#...........# ..##
##.####....#...........# ...###
#.## ##...##..........##
.....###.# #...###..........#
...##....# #....#...........#
#.#####..# ##.....#.........#


You could see dscm's ghost.

Vanquished Creatures
  Grinder (D:6)
  A hippogriff (D:6)
  Sigmund (D:2)
  2 wraiths (D:7)
  Duvessa (D:4)
  A sky beast (D:7)
  An ice beast (D:6)
  3 phantoms
  An ogre (D:7)
  A centaur (D:6)
  A big kobold (D:6)
  3 bullfrogs (D:6)
  A water moccasin skeleton (D:6)
  Dowan (D:5)
  5 howler monkeys
  A wight (D:7)
  A centaur zombie (D:5)
  A bullfrog zombie (D:7)
  7 hounds
  2 human skeletons (D:7)
  3 human zombies (D:7)
  2 iguanas
  4 worker ants
  A hound skeleton (D:5)
  3 mummies (D:7)
  A worker ant zombie (D:5)
  9 adders
  2 oozes
  An adder skeleton (D:4)
  3 worms
  2 dart slugs
  2 leopard geckos (D:1)
  8 orcs
  A ball python (D:4)
  5 giant cockroaches
  9 goblins
  8 hobgoblins
  16 jackals
  16 kobolds
  2 quokkas
  11 bats
  14 frilled lizards
  An orc zombie (D:7)
  A quokka skeleton (D:4)
  6 rats
167 creatures vanquished.

Vanquished Creatures (collateral kills)
  An adder (D:2)
  A dart slug (D:2)
2 creatures vanquished.

Grand Total: 169 creatures vanquished

Notes
Turn   | Place    | Note
-------+----------+-------------------------------------------
     0 | D:1      | zhar the Vampire Necromancer began the quest for the Orb.
     0 | D:1      | Reached XP level 1. HP: 13/13 MP: 3/3
    78 | D:1      | Reached skill level 1 in Short Blades
    78 | D:1      | Reached XP level 2. HP: 14/19 MP: 0/5
   171 | D:1      | Learned a level 1 spell: Animate Skeleton
  1091 | D:1      | Reached XP level 3. HP: 21/24 MP: 1/6
  1715 | D:2      | Reached skill level 2 in Short Blades
  2291 | D:2      | Reached XP level 4. HP: 19/30 MP: 0/7
  2451 | D:2      | Reached skill level 5 in Stealth
  2566 | D:2      | Noticed Sigmund
  2725 | D:2      | Killed Sigmund
  2725 | D:2      | Reached skill level 3 in Short Blades
  2725 | D:2      | Reached XP level 5. HP: 35/35 MP: 8/8
  2935 | D:3      | Reached XP level 6. HP: 41/41 MP: 9/9
  3007 | D:3      | Found a faded altar of an unknown god.
  3268 | D:3      | Found a glowing golden altar of the Shining One.
  3290 | D:3      | Reached skill level 4 in Short Blades
  3412 | D:3      | Found a shadowy altar of Dithmenos.
  3412 | D:3      | Found a sacrificial altar of Ru.
  3720 | D:4      | Noticed Menkaure
  3917 | D:2      | Learned a level 3 spell: Regeneration
  3922 | D:2      | Learned a level 4 spell: Control Undead
  4130 | D:4      | Got an ancient whip
  4131 | D:4      | Identified the +6 whip of Huig {elec, rElec MR++ Str+3 Int-5} (You found it on level 4 of the Dungeon)
  4624 | D:4      | Noticed dscm's ghost (amateur FeEE)
  4826 | D:5      | Entered Level 5 of the Dungeon
  4937 | D:5      | Noticed Duvessa
  4937 | D:5      | Noticed Dowan
  4939 | D:5      | Killed Dowan
  4939 | D:5      | Reached skill level 5 in Necromancy
  5784 | D:5      | Reached XP level 7. HP: 26/46 MP: 7/10
  6193 | D:5      | Found a staircase to the Ecumenical Temple.
  6202 | Temple   | Entered the Ecumenical Temple
  7409 | D:5      | HP: 2/46 [phantom (2)]
  9620 | D:4      | Killed Duvessa
 10104 | D:5      | Found a glowing silver altar of Zin.
 10104 | D:5      | Found a faded altar of an unknown god.
 10111 | D:5      | Found a hazy altar of Hepliaklqana.
 10113 | D:5      | Found an ancient bone altar of Kikubaaqudgha.
 10116 | D:5      | Found a deep blue altar of Sif Muna.
 10125 | D:5      | Became a worshipper of Kikubaaqudgha
 10135 | D:5      | Reached skill level 5 in Short Blades
 11097 | D:6      | Reached skill level 6 in Short Blades
 11100 | D:6      | Noticed a hippogriff
 11380 | D:6      | Noticed Grinder
 11445 | D:6      | Reached XP level 8. HP: 40/52 MP: 8/11
 11722 | D:6      | Learned a level 1 spell: Confusing Touch
 11858 | D:6      | Reached skill level 7 in Short Blades
 13085 | D:6      | Reached skill level 8 in Short Blades
 14223 | D:6      | Reached skill level 9 in Short Blades
 14666 | D:6      | Reached skill level 1 in Hexes
 15768 | D:7      | Reached skill level 5 in Hexes
 16158 | D:7      | Reached XP level 9. HP: 46/57 MP: 12/12
 16171 | D:7      | Found a basalt altar of Yredelemnul.
 16302 | D:7      | Learned a level 3 spell: Confuse
 17434 | D:6      | Killed Grinder
 17434 | D:6      | Reached skill level 5 in Spellcasting
 17911 | D:4      | HP: 1/57 [dscm's ghost (11)]
 17913 | D:4      | Mangled by dscm's ghost

Skill      XL: |  1  2  3  4  5  6  7  8  9 |
---------------+----------------------------+-----
Short Blades   | 1 2 3 4 6 9 |  9.0
Stealth        | 4 6 7 |  7.2
Dodging        | 3 4 |  4.0
Necromancy     | 5 6 |  6.3
Hexes          | 6 7 |  7.1
Spellcasting   | 5 |  5.5
Charms         | |  0.7

Action                   |  1- 3 |  4- 6 |  7- 9 || total
-------------------------+-------+-------+-------++-------
Melee: Short sword       |    44 |     4 |       ||    48
       Bite              |     1 |     7 |    22 ||    30
       Dagger            |       |    89 |   302 ||   391
       Unarmed           |       |       |    14 ||    14
 Cast: Pain              |    51 |    26 |    87 ||   164
       Animate Skeleton  |     5 |     4 |     2 ||    11
       Control Undead    |       |     1 |     8 ||     9
       Regeneration      |       |     1 |     4 ||     5
       Confusing Touch   |       |       |     6 ||     6
       Confuse           |       |       |    15 ||    15
 Abil: End Transformatio |       |     5 |    35 ||    40
       Bat Form          |       |     5 |    35 ||    40
  Use: Potion            |     3 |     9 |    20 ||    32
       Scroll            |       |     5 |     2 ||     7
 Stab: Sleeping          |     8 |    18 |    11 ||    37
       Confused          |       |       |     4 ||     4
       Distracted        |       |       |     1 ||     1
Armor: Robe              |    13 |    12 |    15 ||    40
Dodge: Dodged            |    41 |    46 |   162 ||   249
